 Dungeon Crawl Stone Soup version 0.19-a0 (webtiles) character file.

267 Zhenya25pyc the Shield-Bearer (level 6, -7/39 HPs)
             Began as a Gargoyle Fighter on Apr 27, 2016.
             Killed by divine providence
             ... invoked by an orc priest
              (16 damage)
             ... on level 3 of the Dungeon.
             The game lasted 00:02:58 (1911 turns).

Zhenya25pyc the Shield-Bearer (Gargoyle Fighter)    Turns: 1911, Time: 00:03:00

Health: -7/39      AC: 16    Str: 21    XL:     6   Next: 21%
Magic:  6/6        EV:  5    Int:  8    God:
Gold:   81         SH:  9    Dex: 10    Spells: 0 memorised, 5 levels left

rFire  . . .     SeeInvis +     a - +0 flail
rCold  . . .     Gourm    .     o - +0 chain mail
rNeg   + . .     Faith    .     c - +0 shield
rPois  ∞         Spirit   .     (no helmet)
rElec  +         Dismiss  .     (no cloak)
rCorr  .         Reflect  .     x - +1 pair of gloves
SustAt .         Harm     .     (no boots)
MR     .....                    (no amulet)
Stlth  ..........               t - ring of see invisible
                                s - ring of loudness (curse)

@: not resistant to hostile enchantments, extremely unstealthy
A: negative energy resistance 1, electricity resistance, unbreathing,
petrification resistance, rot immunity, AC +4
a: no special abilities


You were on level 3 of the Dungeon.
You were hungry.

You visited 1 branch of the dungeon, and saw 3 of its levels.

You collected 81 gold pieces.

Inventory:

Hand Weapons
 a - a +0 flail (weapon)
Armour
 c - a +0 shield (worn)
 o - a +0 chain mail (worn)
 q - a +0 plate armour
 x - a +1 pair of gloves (worn)
Jewellery
 s - a cursed ring of loudness (left hand)
 t - a ring of see invisible (right hand)
 u - an uncursed ring of magical power
Wands
 p - a wand of enslavement (12/24)
 v - a wand of lightning (8/15)
Scrolls
 e - 2 scrolls of magic mapping {unknown}
 i - a scroll of fear {unknown}
 j - a scroll of remove curse {unknown}
 m - a scroll of recharging {unknown}
 r - a scroll of identify {unknown}
Potions
 d - a potion of might
 g - 4 potions of curing {unknown}
 h - a potion of beneficial mutation {unknown}
 k - 2 potions of degeneration {unknown}
 l - a potion of brilliance {unknown}
 n - a potion of haste {unknown}
Comestibles
 b - a slice of pizza
 f - 3 bread rations
 w - 2 fruits


   Skills:
 + Level 4.4 Fighting
 * Level 4.2 Maces & Flails
 + Level 4.3 Armour
 + Level 4.4 Shields


You had 5 spell levels left.
You didn't know any spells.

Dungeon Overview and Level Annotations

Branches:
Dungeon (3/15)

Altars:
Kikubaaqudgha
Sif Muna
Yredelemnul


Innate Abilities, Weirdness & Mutations

You are resistant to torment.
Your stone body is resilient (AC +4).
You are immune to poison.
You resist negative energy.
You are resistant to electric shocks.
You can survive without breathing.
You are immune to petrification.
You are immune to rotting.


Message History

You are feeling hungry.
You block the kobold's attack.
The orc priest hits you but does no damage.
You hit the orc priest.
The orc priest is severely wounded.
The kobold barely misses you.
The orc priest hits you but does no damage.
You block the kobold's attack.
You barely miss the orc priest.
The orc priest is severely wounded.
The orc priest hits you but does no damage.
The orc wizard mumbles some strange words.
The orc wizard blinks!
The kobold hits you but does no damage.
You barely miss the orc priest.
The orc priest is severely wounded.
The orc wizard mumbles some strange words.
The orc wizard blinks!
The orc priest calls down the wrath of Beogh upon you.
Beogh smites you!
You die...

..# #............# ..#
#............# ..#
#............#
..###............#
.................#
.................#
#........#########
#........##...#########
.........''...'.@oo...#
.........##...###K..#..#
.####....##...# #...#
... #....##...# #...#
... #....##...# #......
... #....######
##§...... ... ......
....... ######## .......
##### .......


You could see an orc priest, an orc and a kobold.

Vanquished Creatures
  Sigmund (D:2)
  An orc wizard (D:3)
  2 adders (D:2)
  An ooze (D:2)
  A worm (D:2)
  A dart slug (D:2)
  4 giant geckos
  2 orcs (D:3)
  5 giant cockroaches
  6 goblins
  A hobgoblin (D:2)
  4 jackals (D:1)
  2 kobolds
  7 bats
  2 giant newts
  15 rats
55 creatures vanquished.

Notes
Turn   | Place    | Note
--------------------------------------------------------------
     0 | D:1      | Zhenya25pyc the Gargoyle Fighter began the quest for the Orb.
     0 | D:1      | Reached XP level 1. HP: 14/14 MP: 1/1
   136 | D:1      | Reached XP level 2. HP: 18/19 MP: 2/2
   855 | D:1      | Reached XP level 3. HP: 21/23 MP: 3/3
   921 | D:2      | Found a basalt altar of Yredelemnul.
   960 | D:2      | Noticed Sigmund
   979 | D:2      | Killed Sigmund
   979 | D:2      | Reached XP level 4. HP: 18/29 MP: 4/4
   979 | D:2      | Reached XP level 5. HP: 21/33 MP: 5/5
  1220 | D:2      | Found an ancient bone altar of Kikubaaqudgha.
  1352 | D:2      | Found a deep blue altar of Sif Muna.
  1427 | D:2      | Reached XP level 6. HP: 38/38 MP: 6/6
  1911 | D:3      | Killed from afar by an orc priest

Vault maps used:
D:1:      lightli_arrival_flooded_house, minivault_5, minmay_rat_gold_closets
D:2:      kiku_gazebo_garden_becter, led_sif_pool, yredelemnul_altar_generic,
          uniq_crazy_yiuf_cottage, uniq_sigmund

Skill      XL: |  1  2  3 |
---------------+----------+-----
Fighting       | 4 |  4.4
Maces & Flails | 4 |  4.2
Armour         | 4 |  4.3
Shields        | 4 |  4.4

Action                   |  1- 3 |  4- 6 || total
-------------------------+-------+-------++-------
Melee: Flail             |    91 |    83 ||   174
  Eat: Chunk             |       |     3 ||     3
Armor: Scale mail        |    48 |       ||    48
       Chain mail        |     4 |    59 ||    63
Dodge: Dodged            |    21 |    18 ||    39
Block: Shield            |    51 |    49 ||   100
